 Dungeon Crawl Stone Soup version 0.22.1 (webtiles) character file.

1441 Loudmushroom the Chopper (level 8, -11/51 HPs)
             Began as a Gargoyle Fighter on Sept 16, 2018.
             Killed from afar by a gargoyle (13 damage)
             ... with a stone arrow
             ... on level 6 of the Dungeon on Sept 19, 2018.
             The game lasted 01:13:35 (7205 turns).

Loudmushroom the Chopper (Gargoyle Fighter)         Turns: 7205, Time: 01:13:35

Health: -11/51     AC: 15    Str: 22    XL:     8   Next: 74%
Magic:  8/8        EV:  6    Int: 13    God:
Gold:   272        SH: 11    Dex:  9    Spells: 7/7 levels left

rFire    . . .     SeeInvis .   a - +2 war axe (flame)
rCold    . . .     Gourm    .   c - +1 shield
rNeg     + . .     Faith    .   G - +0 chain mail
rPois    ∞         Spirit   .   (no helmet)
rElec    +         Reflect  .   (no cloak)
rCorr    .         Harm     .   (no gloves)
MR       +....                  (no boots)
Stlth    ..........             (no amulet)
HPRegen  0.17/turn              F - +4 ring of intelligence
MPRegen  0.11/turn              y - ring of protection from magic

@: no status effects
A: negative energy resistance 1, electricity resistance, unbreathing,
petrification resistance, rot immunity, AC +5
a: no special abilities


You were on level 6 of the Dungeon.
You were not hungry.

You visited 2 branches of the dungeon, and saw 7 of its levels.
You also visited: Ossuary.

You collected 272 gold pieces.

Inventory:

Hand Weapons
 a - a +2 war axe of flaming (weapon)
 b - a +0 hunting sling
 k - a +3 flail of holy wrath
 n - a cursed -1 blowgun
Missiles
 g - 299 stones
 h - 19 poisoned needles
 m - 21 sling bullets
 v - 5 tomahawks
 E - 5 javelins (quivered)
Armour
 c - a +1 shield (worn)
 l - the +2 scale mail of Inviolability {Int+4 Dex+5, unknown}
   (You found it on level 5 of the Dungeon)

   It affects your intelligence (+4).
   It affects your dexterity (+5).
 G - a +0 chain mail (worn)
Jewellery
 y - a ring of protection from magic (right hand)
 F - a +4 ring of intelligence (left hand)
 I - an uncursed ring of stealth {unknown}
Wands
 o - a wand of disintegration (15)
 q - a wand of clouds (7)
 t - a wand of polymorph (13)
 J - a wand of paralysis (13)
Scrolls
 e - 6 scrolls of identify
 i - 3 scrolls of teleportation
 j - a scroll of immolation {unknown}
 p - a scroll of amnesia
 r - a scroll of random uselessness {unknown}
 u - 3 scrolls of remove curse
 D - a scroll of enchant armour
Potions
 d - 3 potions of might
 s - 3 potions of resistance
 w - a potion of curing {unknown}
 x - a potion of berserk rage {unknown}
 z - 3 potions of heal wounds
 A - 2 potions of flight {unknown}
 B - a potion of lignification {unknown}
 C - a potion of cancellation {unknown}
Comestibles
 f - 7 rations
 H - 5 chunks of flesh


   Skills:
 + Level 6.0 Fighting
 * Level 6.3 Axes
 + Level 6.1 Armour
 + Level 6.1 Shields


You had 7 spell levels left.
You didn't know any spells.
Your spell library was empty.

Dungeon Overview and Level Annotations

Branches:
Dungeon (6/15)             Temple (1/1) D:5

Altars:
Cheibriados
Elyvilon
Fedhas
Gozag
Hepliaklqana
Kikubaaqudgha
Makhleb
Qazlal
Ru
Uskayaw
Vehumet
Wu Jian
Xom
Zin

Shops:
D:5 *

Annotations:
D:5 exclusion: statue


Innate Abilities, Weirdness & Mutations

You are resistant to torment.
Your stone body is resilient. (AC +5)
You are immune to poison.
You resist negative energy. (rN+)
You are resistant to electric shocks. (rElec)
You can survive without breathing.
You are immune to petrification.
You are immune to rotting.


Message History

The gargoyle hits you with a mace!
* * * LOW HITPOINT WARNING * * *
You hit the gargoyle but do no damage.
The gargoyle is heavily damaged.
The gargoyle hurls a stone arrow at you.
The stone arrow hits you!
Your chain mail prevents you from hitting the gargoyle.
The gargoyle is heavily damaged.
The gargoyle hits you with a mace.
* * * LOW HITPOINT WARNING * * *
You hit the gargoyle but do no damage.
The gargoyle is heavily damaged.
The gargoyle hurls a stone arrow at you.
You block the stone arrow.
You hit the gargoyle but do no damage.
The gargoyle is heavily damaged.
You block the gargoyle's attack.
The gargoyle hurls a stone arrow at you.
The stone arrow hits you!
You die...

................#
................#
................#
................#
#####+##.......##
#....##.......##
#.....#........#
+.....'........#
#....@#........#
#...9.#........##
#..(###.........#
#...###......####
..(. #.........#
...(. #........<#
.... #.........#
.... #.........#
#.........#


You could see a gargoyle.

Vanquished Creatures
  2 sky beasts
  3 ogres
  A centaur (D:6)
  A bullfrog (D:6)
  Blork the orc (D:4)
  A bullfrog zombie (D:5)
  A bullfrog skeleton (D:6)
  6 orc wizards
  3 iguanas
  Jessica (D:3)
  Ijyb (D:5)
  Terence (D:2)
  2 worker ants (D:5)
  2 big kobold zombies (Ossuary)
  A hound skeleton (D:4)
  A mummy (Ossuary)
  3 gnolls (D:2)
  9 adders
  2 shadow imps (D:5)
  2 oozes (D:3)
  2 adder skeletons
  5 worms
  2 dart slugs
  2 leopard geckos
  11 orcs
  A spectral bat (Ossuary)
  6 giant cockroaches
  10 gnoll zombies (Ossuary)
  3 goblins
  7 hobgoblins
  18 jackals
  A quokka (D:6)
  A ball python (D:4)
  5 bats
  A bat simulacrum (Ossuary)
  2 frilled lizards
  3 goblin simulacra (Ossuary)
  5 goblin zombies (Ossuary)
  5 hobgoblin zombies (Ossuary)
  10 kobolds
  4 kobold simulacra (Ossuary)
  A kobold zombie (Ossuary)
  7 orc zombies (Ossuary)
  2 quokka skeletons
  5 rats
  3 rat simulacra (Ossuary)
  A spectral kobold (Ossuary)
  2 spectral rats (Ossuary)
169 creatures vanquished.

Vanquished Creatures (others)
  A human (D:3)
1 creature vanquished.

Grand Total: 170 creatures vanquished

Notes
Turn   | Place    | Note
-------+----------+-------------------------------------------
     0 | D:1      | Loudmushroom the Gargoyle Fighter began the quest for the
                  | Orb.
     0 | D:1      | Reached XP level 1. HP: 14/14 MP: 1/1
   255 | D:1      | Reached XP level 2. HP: 16/19 MP: 2/2
  1080 | D:2      | Reached XP level 3. HP: 19/23 MP: 3/3
  1227 | D:2      | Noticed Terence
  1245 | D:2      | Killed Terence
  1245 | D:2      | Reached XP level 4. HP: 10/29 MP: 4/4
  2393 | D:2      | Upgraded the game from 0.22.0-78-g6c94d2c to 0.22.1
  2552 | D:3      | Reached XP level 5. HP: 32/33 MP: 5/5
  2809 | D:3      | Noticed Jessica
  2823 | D:3      | Killed Jessica
  3306 | D:3      | Found an ancient bone altar of Kikubaaqudgha.
  3309 | D:3      | Noticed a human
  3310 | D:3      | Killed a human
  3553 | D:4      | Found an opulent altar of Gozag.
  3611 | D:4      | Noticed an ogre
  3615 | D:4      | Killed an ogre
  3615 | D:4      | Reached XP level 6. HP: 28/39 MP: 6/6
  3705 | D:4      | Found a sand-covered staircase.
  3714 | Ossuary  | Entered an ossuary
  4311 | D:4      | Noticed Blork the orc
  4336 | D:4      | Killed Blork the orc
  4336 | D:4      | Reached XP level 7. HP: 12/44 MP: 7/7
  4869 | D:4      | Reached skill level 5 in Armour
  5044 | D:3      | Reached skill level 5 in Fighting
  5044 | D:3      | Reached skill level 5 in Shields
  5079 | D:3      | Reached skill level 5 in Axes
  5481 | D:5      | Entered Level 5 of the Dungeon
  5523 | D:5      | Reached XP level 8. HP: 49/49 MP: 8/8
  5686 | D:5      | Found Azymn's General Store.
  5693 | D:5      | Got a steaming scale mail
  5725 | D:5      | Found a staircase to the Ecumenical Temple.
  5735 | Temple   | Entered the Ecumenical Temple
  6117 | D:5      | Noticed Ijyb
  6122 | D:5      | Killed Ijyb
  6214 | D:5      | Found a radiant altar of Vehumet.
  7195 | D:6      | Noticed a gargoyle
  7201 | D:6      | HP: 2/51 [gargoyle/mace (11)]
  7205 | D:6      | Killed from afar by a gargoyle

Skill      XL: |  1  2  3  4  5  6  7  8 |
---------------+-------------------------+-----
Axes           | 2 3 4 5 6 |  6.3
Armour         | 4 5 6 |  6.1
Fighting       | 4 5 6 |  6.0
Shields        | 4 5 6 |  6.1

Action                   |  1- 3 |  4- 6 |  7- 9 || total
-------------------------+-------+-------+-------++-------
Melee: War axe           |    73 |   326 |   203 ||   602
Throw: Tomahawk          |       |     1 |     2 ||     3
       Stone             |       |       |     2 ||     2
       Javelin           |       |       |     3 ||     3
  Use: Scroll            |       |       |     9 ||     9
  Eat: Chunk             |     1 |     9 |     8 ||    18
       Ration            |       |     1 |       ||     1
Armor: Scale mail        |    27 |   167 |    14 ||   208
       Chain mail        |       |       |   108 ||   108
Dodge: Dodged            |    28 |    98 |    45 ||   171
Block: Shield            |    42 |   165 |    84 ||   291
